 Dungeon Crawl Stone Soup version 0.16-a0-2898-gc475c69 (webtiles) character file.

993 Johnny the Firebug (level 7, 0/57 HPs)
             Began as a Demigod Fire Elementalist on Dec 1, 2014.
             Slain by a decayed bog body (21 damage)
             ... in an ossuary.
             The game lasted 00:11:09 (7385 turns).

Johnny the Firebug (Demigod Fire Elementalist)      Turns: 7385, Time: 00:11:09

Health: 0/57       AC:  8    Str: 11    XL:     7   Next: 66%
Magic:  3/28       EV: 14    Int: 19    God:
Gold:   325        SH:  0    Dex: 20    Spells: 2 memorised, 8 levels left

rFire  x . .     SeeInvis .     e - +0 club
rCold  + . .     Clarity  .     E - +3 leather armour {MR+}
rNeg   . . .     SustAb   +     (no shield)
rPois  .         Gourm    .     x - +0 helmet
rElec  .         Spirit   .     (no cloak)
rCorr  .         Warding  .     (no gloves)
rMut   .         Stasis   .     y - +0 pair of boots (curse)
MR     +....                    n - amulet of faith
Stlth  ++........               u - ring of magical power
                                d - ring of ice (curse)

@: very slightly contaminated, somewhat resistant to hostile enchantments,
unstealthy
A: sustain abilities
a: no special abilities


You were in an ossuary.
You were very hungry.

You visited 1 branch of the dungeon, and saw 6 of its levels.
You also visited: Ossuary.

You collected 325 gold pieces.

Inventory:

Hand weapons
 e - a +0 club (weapon)
 i - a +0 short sword of venom
 w - a cursed +0 morningstar
Armour
 a - a +0 robe
 k - a +0 leather armour
 x - a +0 helmet (worn)
 y - a cursed +0 pair of boots (worn)
 E - a +3 leather armour of magic resistance (worn)
Jewellery
 d - a cursed ring of ice (left hand)
 n - an amulet of faith (around neck)
 u - a ring of magical power (right hand)
 D - a cursed ring of wizardry
Magical devices
 G - a wand of lightning (0)
Scrolls
 f - a scroll of recharging
 h - 2 scrolls of random uselessness
 o - 2 scrolls of teleportation
 s - 2 scrolls of enchant armour
 v - a scroll of immolation
Potions
 g - 4 potions of curing
 l - a potion of heal wounds {unknown}
 m - a potion of cure mutation {unknown}
 p - a potion of might {unknown}
 r - a potion of restore abilities {unknown}
 t - a potion of mutation {unknown}
 z - 2 potions of brilliance {unknown}
 B - 2 potions of flight {unknown}
Books
 b - a book of Flames

   Spells                             Type                      Level
   a - Flame Tongue                   Conjuration/Fire             1
   b - Throw Flame                    Conjuration/Fire             2
   c - Conjure Flame                  Conjuration/Fire             3
   d - Inner Flame                    Hexes/Fire                   3
   e - Sticky Flame                   Conjuration/Fire             4
   f - Fireball                       Conjuration/Fire             5
Comestibles
 c - 5 bread rations
 j - 2 meat rations
 q - a royal jelly


   Skills:
 + Level 3.1 Fighting
 * Level 4.4 Dodging
 - Level 1.7 Stealth
 + Level 3.7 Spellcasting
 + Level 3.7 Conjurations
 + Level 4.5 Fire Magic


You had 8 spell levels left.
You knew the following spells:

 Your Spells              Type           Power        Failure   Level  Hunger
a - Flame Tongue          Conj/Fire      #....        2%          1    None
b - Sticky Flame          Conj/Fire      #.......     28%         4    ####...


Dungeon Overview and Level Annotations

Branches:
Dungeon (6/15)             Temple (0/1) D:6


Innate Abilities, Weirdness & Mutations

Your attributes are resistant to harm.


Message History

You hit the decayed bog body.
The decayed bog body is heavily damaged.
The decayed bog body misses you. The decayed bog body barely misses you.
You hit the decayed bog body.
The decayed bog body is severely damaged.
The decayed bog body barely misses you. The decayed bog body misses you.
The decayed bog body closely misses you. x2
You hit the decayed bog body.
The decayed bog body is almost destroyed.
The decayed bog body hits you!!
* * * LOW HITPOINT WARNING * * *
The decayed bog body completely misses you.
You closely miss the decayed bog body.
The decayed bog body is severely damaged.
The decayed bog body completely misses you.
The decayed bog body misses you.
Unknown command.
Drink which item? (? for menu, Esc to quit)
You feel better.
It was a potion of curing.
The decayed bog body hits you!!
You die...

##### #.#.#
###'#'#+#'#'#
#.'..........
###.#####.###
+.#...#
###Z+v∩.#
#@nZ#..∩#
###.##### ≈.+
##≈# +≈# #≈+
≈≈# #.# '≈≈


You could see a decayed bog body, a quokka zombie and a centaur zombie.

Vanquished Creatures
  An ogre (D:4)
  A centaur (D:5)
  A scorpion (D:4)
  3 crimson imps (D:5)
  A bog body (Ossuary)
  A hound (D:5)
  3 orc priests (D:4)
  2 giant frog zombies (Ossuary)
  An iguana (D:4)
  3 orc wizards (D:4)
  4 worker ants
  A hound skeleton (D:4)
  3 mummies (Ossuary)
  2 adders
  A worker ant zombie (Ossuary)
  A giant mite (D:4)
  A worm (D:5)
  2 adder skeletons (D:4)
  An adder zombie (Ossuary)
  2 giant geckos
  2 oozes
  19 orcs
  7 bats
  3 giant cockroaches
  12 hobgoblins
  10 jackals
  4 quokkas
  4 ball pythons
  4 giant newts
  8 goblins
  2 jackal skeletons
  18 kobolds
  5 rats
133 creatures vanquished.

Vanquished Creatures (others)
  A plant (Ossuary)
1 creature vanquished.

Grand Total: 134 creatures vanquished

Notes
Turn   | Place    | Note
--------------------------------------------------------------
     0 | D:1      | Johnny, the Demigod Fire Elementalist, began the quest for the Orb.
     0 | D:1      | Reached XP level 1. HP: 14/14 MP: 3/3
   248 | D:1      | Reached skill level 1 in Conjurations
   561 | D:1      | Reached XP level 2. HP: 8/22 MP: 0/4
  1225 | D:1      | Reached skill level 3 in Fire Magic
  1559 | D:2      | Reached XP level 3. HP: 9/27 MP: 0/8
  1591 | D:1      | Reached skill level 1 in Fighting
  3747 | D:3      | Reached XP level 4. HP: 35/35 MP: 3/10
  3767 | D:3      | Learned a level 4 spell: Sticky Flame
  4165 | D:4      | Reached XP level 5. HP: 17/41 MP: 2/12
  5138 | D:4      | Noticed an ogre
  5151 | D:4      | Killed an ogre
  5151 | D:4      | Reached XP level 6. HP: 32/50 MP: 15/15
  5683 | D:5      | Entered Level 5 of the Dungeon
  5684 | D:5      | Found a shadowy altar of Dithmenos.
  5700 | D:5      | Reached skill level 4 in Fire Magic
  6104 | D:5      | Reached XP level 7. HP: 33/56 MP: 18/18
  6121 | D:5      | Found a bloodstained altar of Trog.
  6124 | D:5      | Found a white marble altar of Elyvilon.
  6125 | D:5      | Found a glowing golden altar of the Shining One.
  6125 | D:5      | Found an ancient bone altar of Kikubaaqudgha.
  6125 | D:5      | Found a blossoming altar of Fedhas.
  6127 | D:5      | Found a sacrificial altar of Ru.
  6129 | D:5      | Found a deep blue altar of Sif Muna.
  6130 | D:5      | Found a snail-covered altar of Cheibriados.
  7278 | D:6      | Found a staircase to the Ecumenical Temple.
  7315 | D:6      | Found a sand-covered staircase.
  7321 | Ossuary  | Entered an ossuary
  7351 | Ossuary  | Noticed a fire vortex
  7385 | Ossuary  | Slain by a decayed bog body

Action                   |  1- 3 |  4- 6 |  7- 9 || total
-------------------------+-------+-------+-------++-------
Melee: Club              |    40 |       |     4 ||    44
       Unarmed           |     4 |       |       ||     4
       Short sword       |    75 |   154 |    65 ||   294
       Morningstar       |       |    25 |    29 ||    54
 Cast: Flame Tongue      |    52 |    40 |    26 ||   118
       Sticky Flame      |       |    11 |     4 ||    15
Evoke: Wand              |       |       |     3 ||     3
  Use: Scroll            |       |     5 |     4 ||     9
       Potion            |       |       |     1 ||     1
 Stab: Sleeping          |     3 |     1 |     1 ||     5
  Eat: Chunk             |     9 |     9 |     5 ||    23
       Pizza             |       |     1 |       ||     1
